Map: Automaton LE

Players

HeroMarine - Winner!

  • Race: Terran Terran
  • League: Master
  • Spawn Location: 9:00

Elazer

  • Race: Zerg Zerg
  • Spawn Location: 3:00

Event: 2019 WCS Winter Europe

VOD

Have the link to the VOD?

Description

Time

  • Played on: March 23, 2019, 11:26 a.m.
  • Length: 8:06

All games in this series

Show
View Real Time Build Order
Export as new Build Order

HeroMarine Terran - Winner!

Build Orders: Gas First Reaper Expand 

Get SALT Encoding   

  12  0:00  SCV  
  13  0:12  SCV  
  14  0:17  Supply Depot  
  14  0:24  SCV  
  15  0:29  Refinery  
  15  0:39  SCV  
  16  0:45  Barracks  
  16  0:51  SCV  
  17  1:03  SCV  
  18  1:15  SCV  
  19  1:32  Reaper, Orbital Command  
  20  1:46  Command Center  
  20  1:56  Factory  
  20  1:59  SCV  
  21  2:07  Barracks Reactor  
  21  2:11  SCV  
  22  2:16  Supply Depot  
  22  2:24  Supply Depot, Refinery  
  22  2:26  SCV  
  23  2:41  Bunker  
  23  2:46  SCV, Marine x2  
  23  2:47  Factory Tech Lab  
  27  2:58  SCV  
  27  2:59  Orbital Command  
  27  3:05  Siege Tank  
  30  3:08  Marine  
  30  3:12  Marine  
  33  3:23  Starport  
  33  3:26  Marine  
  33  3:27  Orbital Command  
  33  3:31  SCV  
  34  3:37  Siege Tank  
  37  3:43  SCV  
  38  3:50  Marine x2  
  38  3:55  SCV  
  41  3:57  SCV  
  41  4:03  Starport Tech Lab  
  41  4:04  Barracks  
  41  4:07  SCV  
  41  4:08  Marine x2  
  45  4:22  Supply Depot  
  46  4:25  Cloaking Field, Banshee  
  46  4:28  Marine x2  
  46  4:29  SCV  
  49  4:32  SCV  
  50  4:45  Marine  
  50  4:46  Siege Tank, Marine  
  50  4:49  Supply Depot  
  55  4:53  SCV  
  55  4:54  SCV  
  57  5:00  Barracks Tech Lab  
  57  5:03  Marine x2  
  59  5:08  Banshee  
  59  5:12  SCV x2  
  64  5:21  Marine x2  
  64  5:28  SCV, Orbital Command  
  68  5:32  Supply Depot  
  68  5:35  Stimpack, Marine  
  66  5:39  Marine x2  
  69  5:46  Bunker  
  69  5:50  SCV  
  69  5:54  Marine  
  69  5:57  Marine  
  71  5:58  SCV  
  71  6:00  Marine  
  71  6:02  SCV  
  75  6:11  Siege Tank, Marine  
  75  6:14  Medivac  
  75  6:17  Bunker  
  81  6:18  SCV  
  81  6:19  SCV  
  81  6:20  Refinery  
  81  6:21  Marine  
  81  6:22  Engineering Bay  
  84  6:25  Marine  
  84  6:35  SCV x2  
  84  6:36  Marine  
  84  6:38  Bunker  
  84  6:39  Marine  
  88  6:43  Marine  
  88  6:46  Siege Tank  
  91  6:47  Medivac  
  91  6:54  Marine  
  84  6:56  Marine  
  72  7:01  Marine  
  59  7:11  Marine  
  59  7:14  SCV x2, Marine  
  62  7:19  Marine  
  62  7:29  Marine  
  62  7:32  Marine  
Show
View Real Time Build Order
Export as new Build Order

Elazer Zerg 

Build Orders: Hatch First, Ravager All-In 

Get SALT Encoding   

  12  0:00  Drone  
  13  0:13  Overlord  
  13  0:18  Drone  
  14  0:31  Drone x2  
  14  0:35  Drone  
  17  0:54  Hatchery  
  17  0:56  Drone  
  17  1:00  Drone  
  18  1:11  Extractor  
  17  1:14  Spawning Pool  
  17  1:18  Drone  
  17  1:21  Drone  
  18  1:28  Drone  
  19  1:39  Drone  
  20  1:50  Drone  
  21  1:54  Extractor  
  21  2:00  Drone  
  21  2:03  Queen  
  21  2:04  Roach Warren  
  21  2:05  Queen  
  24  2:09  Zergling x2  
  24  2:13  Drone  
  26  2:22  Overlord  
  26  2:36  Drone  
  26  2:45  Roach x3  
  26  2:47  Queen  
  34  2:53  Overlord  
  34  3:00  Drone  
  35  3:12  Roach x2  
  39  3:13  Ravager x3  
  42  3:22  Drone  
  43  3:29  Overlord  
  43  3:42  Overlord  
  43  3:49  Drone x2  
  43  3:51  Ravager x2  
  43  3:53  Queen, Drone  
  50  4:02  Drone x2  
  52  4:03  Drone  
  52  4:09  Drone  
  54  4:12  Metabolic Boost  
  54  4:19  Drone  
  54  4:23  Overlord  
  55  4:28  Zergling x4  
  57  4:39  Drone  
  57  4:40  Hatchery, Drone  
  57  4:44  Drone  
  57  4:46  Drone  
  57  4:49  Queen  
  61  4:52  Drone  
  61  4:53  Drone  
  64  5:00  Roach x3  
  67  5:11  Overlord  
  67  5:12  Overlord  
  67  5:14  Spore Crawler  
  67  5:16  Zergling x2  
  67  5:20  Spore Crawler x2, Overlord  
  65  5:23  Spore Crawler  
  65  5:24  Drone  
  65  5:27  Drone  
  65  5:29  Spore Crawler  
  65  5:33  Roach x3  
  65  5:34  Queen  
  75  5:46  Roach  
  77  5:52  Roach  
  77  5:53  Roach x3  
  77  5:54  Overlord  
  77  5:55  Zergling x6  
  88  6:03  Overlord  
  88  6:07  Overlord  
  88  6:13  Ravager x2  
  88  6:14  Ravager x3  
  88  6:15  Zergling x8  
  97  6:21  Overlord  
  97  6:22  Zergling x8  
  97  6:23  Ravager  
  102  6:31  Zergling x10  
  107  6:36  Ravager  
  108  6:45  Spore Crawler  
  108  6:46  Ravager  
  81  6:56  Zergling x12  
  81  7:00  Zergling x8  
  81  7:01  Zergling x2  
  69  7:07  Zergling x2  
  44  7:13  Zergling x4  
Tags
 
Add a new tag
Caveats
  • Supply blocks, unpowered buildings, or Contaminate may cause inaccurate times.
  • Supply counts are checked every 10 seconds.